 Dungeon Crawl Stone Soup version 0.17.1-3-g152610e (webtiles) character file.

219 imbaray the Sneak (level 5, -3/26 HPs)
             Began as a Vine Stalker Assassin on Mar 28, 2016.
             Was an Initiate of Ru.
             Slain by a giant frog (8 damage)
             ... on level 4 of the Dungeon on Apr 4, 2016.
             The game lasted 00:09:19 (2640 turns).

imbaray the Sneak (Vine Stalker Assassin)           Turns: 2640, Time: 00:09:19

Health: -3/26      AC:  4    Str: 15    XL:     5   Next: 96%
Magic:  0/6        EV: 13    Int: 11    God:    Ru [......]
Gold:   206        SH:  0    Dex: 15    Spells: 0 memorised, 4 levels left

rFire  . . .     SeeInvis +     r - +0 dagger (venom)
rCold  . . .     Clarity  .     c - +0 robe
rNeg   . . .     SustAt   .     (no shield)
rPois  .         Gourm    .     y - +0 helmet
rElec  .         Spirit   +     d - +0 cloak
rCorr  .         Warding  .     (no gloves)
rMut   .         Stasis   .     (no boots)
MR     +....                    (no amulet)
Stlth  +++.......               x - ring of see invisible
                                l - ring of protection from magic

@: somewhat resistant to hostile enchantments, fairly stealthy
A: fangs 2, regeneration 1, magic shield, antimagic bite, no device heal 3, rot
immunity
a: Renounce Religion


You were on level 4 of the Dungeon.
You worshipped Ru.
Ru was noncommittal.
You were not hungry.

You visited 1 branch of the dungeon, and saw 4 of its levels.

You collected 206 gold pieces.

Inventory:

Hand Weapons
 a - a +2 dagger
 b - a +0 blowgun
 r - a +0 dagger of venom (weapon)
Missiles
 e - 19 poisoned needles
 f - 2 curare-tipped needles
Armour
 c - a +0 robe (worn)
 d - a +0 cloak (worn)
 y - a +0 helmet (worn)
Jewellery
 l - a ring of protection from magic (left hand)
 x - a ring of see invisible (right hand)
Scrolls
 h - 4 scrolls of remove curse {unknown}
 k - 3 scrolls of enchant weapon {unknown}
 m - 3 scrolls of identify {unknown}
 o - 2 scrolls of teleportation {unknown}
Potions
 i - 2 potions of might {unknown}
 n - a potion of agility {unknown}
 q - a potion of haste {unknown}
 s - a potion of invisibility {unknown}
 t - a potion of mutation {unknown}
 u - a potion of flight {unknown}
 v - a potion of brilliance {unknown}
 w - a potion of experience {unknown}
 z - a potion of heal wounds {unknown}
Comestibles
 g - 3 bread rations
 j - 2 meat rations


   Skills:
 - Level 1.7 Fighting
 + Level 3.6 Short Blades
 - Level 1.7 Throwing
 + Level 2.4 Dodging
 + Level 6.4 Stealth


You had 4 spell levels left.
You didn't know any spells.

Dungeon Overview and Level Annotations

Branches:
Dungeon (4/15)
 Temple: D:4-7

Altars:
Fedhas
Okawaru
Ru
Trog
Xom

Annotations:
D:4 Pikel


Innate Abilities, Weirdness & Mutations

You have extremely sharp teeth.
Your natural rate of healing is unusually fast.
When hurt, damage is shared between your health and your magic reserves.
Your bite disrupts and absorbs the magic of your enemies.
Potions and wands cannot restore your health.
You are immune to rotting.


Message History

Welcome back, imbaray the Vine Stalker Assassin.
Ru says: Sacrifice that you might gain great power!
Press ? for a list of commands and other information.
Level annotation: Pikel Welcome back, imbaray the Vine Stalker Assassin.
Ru says: Sacrifice that you might gain great power!
Press ? for a list of commands and other information.
The slave completely misses you. The giant frog closely misses you.
The giant frog barely misses you.
The quokka bites you but does no damage.
You see here a plate armour.
The giant frog hits you.
Found a scroll labeled SYCOPADIESA.
Found 26 stones.
The giant frog hits you!
* * * LOW HITPOINT WARNING * * *
Found 8 tomahawks.
The slave looks more healthy.
The giant frog hits you!
You die...

###### #(...#
#....# #...(# ###
. #....# #.. ..
#...?# #.#
...#....# #.#
.......@# #.#
..#.#.rF# #.#
#.....# #<# #
##....p## #.# .#
.......pp#
#.###.#
.#.......#
#.....#
##....p.###..####
#...#.......#
##...#K.....#


You could see 4 slaves, a giant frog and a quokka.

Vanquished Creatures
  An ice beast (D:3)
  Robin (D:3)
  2 adders (D:2)
  3 worms
  5 giant geckos
  A ball python (D:1)
  22 goblins
  13 hobgoblins
  4 jackals (D:3)
  8 bats
  4 giant cockroaches
  3 giant newts (D:3)
  10 kobolds
  7 rats
  2 plants (D:3)
86 creatures vanquished.

Vanquished Creatures (others)
  A goblin (D:3)
  A plant (D:3)
2 creatures vanquished.

Grand Total: 88 creatures vanquished

Notes
Turn   | Place    | Note
--------------------------------------------------------------
     0 | D:1      | imbaray the Vine Stalker Assassin began the quest for the Orb.
     0 | D:1      | Reached XP level 1. HP: 11/11 MP: 2/2
   113 | D:1      | Reached skill level 1 in Dodging
   134 | D:1      | Reached XP level 2. HP: 15/15 MP: 3/3
   144 | D:1      | Reached skill level 5 in Stealth
   700 | D:1      | Reached XP level 3. HP: 18/18 MP: 4/4
  1220 | D:2      | Reached XP level 4. HP: 23/23 MP: 5/5
  1650 | D:3      | Noticed an ice beast
  1652 | D:3      | Killed an ice beast
  1652 | D:3      | Reached skill level 6 in Stealth
  1652 | D:3      | Reached XP level 5. HP: 26/26 MP: 6/6
  1752 | D:3      | Found a bloodstained altar of Trog.
  1753 | D:3      | Found a shimmering altar of Xom.
  1755 | D:3      | Found an iron altar of Okawaru.
  1757 | D:3      | Found a blossoming altar of Fedhas.
  1758 | D:3      | Found a sacrificial altar of Ru.
  1792 | D:3      | Became a worshipper of Ru the Awakened
  2247 | D:3      | Noticed Robin
  2345 | D:3      | Killed Robin
  2617 | D:4      | Noticed Pikel
  2617 | D:4      | Noticed a slave
  2617 | D:4      | Noticed a slave
  2618 | D:4      | Noticed a slave
  2619 | D:4      | Noticed a slave
  2640 | D:4      | Slain by a giant frog

Action                   |  1- 3 |  4- 6 || total
-------------------------+-------+-------++-------
Melee: Dagger            |   105 |   199 ||   304
 Stab: Sleeping          |     7 |     5 ||    12
  Eat: Chunk             |       |     3 ||     3
       Beef jerky        |       |     2 ||     2
